 Dungeon Crawl Stone Soup version 0.30-a0-125-g51eefa89be (webtiles) character file.

Game seed: 10508409942288528682

61 strmdvr the Trooper (level 3, -1/35 HPs)
             Began as a Minotaur Berserker on Sept 18, 2022.
             Was a Believer of Trog.
             Killed from afar by an orc wizard (7 damage)
             ... with a magic dart
             ... on level 2 of the Dungeon.
             The game lasted 00:02:24 (1597 turns).

strmdvr the Trooper (Minotaur Berserker)            Turns: 1597, Time: 00:02:25

Health: -1/35      AC:  5    Str: 23    XL:     3   Next: 83%
Magic:  2/2        EV: 11    Int:  4    God:    Trog [**....]
Gold:   81         SH:  0    Dex:  9    Spells: 2/2 levels left

rFire   . . .      SeeInvis .    a - +0 hand axe
rCold   . . .      Faith    .    (no shield)
rNeg    . . .      Spirit   .    m - +0 ring mail
rPois   .          Reflect  .    (helmet restricted)
rElec   .          Harm     .    (no cloak)
rCorr   .          Rampage  .    (no gloves)
Will    .....                    (no boots)
Stlth   ..........               (no amulet)
HPRegen 0.11/turn                (no ring)
MPRegen 0.08/turn                (no ring)

@: no status effects
A: horns 2, retaliatory headbutt
a: Renounce Religion, Berserk, Trog's Hand


You were on level 2 of the Dungeon.
You worshipped Trog.
Trog was pleased with you.
You visited 1 branch of the dungeon, and saw 2 of its levels.

You collected 81 gold pieces.

Inventory:

Hand Weapons
 a - a +0 hand axe (weapon)
Missiles
 l - a throwing net (quivered)
Armour
 b - a +0 animal skin
 m - a +0 ring mail (worn)
Scrolls
 c - a scroll of brand weapon {unknown}
 d - a scroll of amnesia {unknown}
 e - a scroll of noise {unknown}
 f - a scroll of blinking {unknown}
 i - a scroll of teleportation {unknown}
 j - a scroll of vulnerability {unknown}
 k - a scroll of fog {unknown}
Potions
 g - 2 potions of mutation {unknown}
 h - 2 potions of curing {unknown}


   Skills:
 + Level 4.8 Fighting
 + Level 4.8 Axes
 - Level 2.4 Armour
 - Level 2.1 Dodging


You had 2 spell levels left.
You didn't know any spells.
Your spell library was empty.

Dungeon Overview and Level Annotations

Branches:
Dungeon (2/15)

Altars:


Innate Abilities, Weirdness & Mutations

You have a pair of horns on your head.
You reflexively headbutt those who attack you in melee.


Message History

You closely miss something. Your headbutt misses something. Something hits you.
You bump into the granite statue.
Something hits you. Something hits you but does no damage.
You slash something! Your headbutt misses something.
Something hits you but does no damage.
You're too confused to attack without stumbling around!
You're too confused to attack without stumbling around!
You're too confused to attack without stumbling around!
You're too confused to attack without stumbling around!
You're too confused to attack without stumbling around!
You're too confused to attack without stumbling around!
You miss something. Your headbutt misses something. You hit the orc.
Something hits you but does no damage. The orc barely misses you.
You closely miss something. You closely miss the orc.
You feel less confused. Something hits you.
The orc hits you with a +0 morningstar! The orc closely misses you.
You hear some strange, mumbled words.
A magic dart appears from out of thin air!
The magic dart hits you!
* * * LOW HITPOINT WARNING * * *
You barely miss something. You closely miss the orc.
Something barely misses you. The orc hits you with a +0 morningstar.
* * * LOW HITPOINT WARNING * * *
You miss something. You slash the orc!
You kill the orc!
Trog accepts your kill. Something hits you.
* * * LOW HITPOINT WARNING * * *
You barely miss something. Something hits you.
* * * LOW HITPOINT WARNING * * *
You barely miss something. Your headbutt misses something. Something hits you.
* * * LOW HITPOINT WARNING * * *
You barely miss something. Something hits you but does no damage.
You miss something. Something hits you but does no damage.
You completely miss something.
You hear some strange, mumbled words.
A magic dart appears from out of thin air!
The magic dart hits you!
You die...

......# ......
#.....# ..... #.....#
.... ##....### ...
........########'##
......#...#..##)[)#
#.....###....##8)8#
#.....###...###.{)#
##.>..........##@##
............รท..#'#.#
.........##........#
.........#.........#
.........#..#......#
.........[.........#
##.#..###..#########
...........#
#...#.####.#


There were no monsters in sight!

Vanquished Creatures
  An adder (D:2)
  2 worms (D:2)
  A dart slug (D:1)
  5 orcs (D:2)
  4 endoplasms
  2 giant cockroaches
  4 hobgoblins
  2 quokkas
  2 ball pythons (D:1)
  4 bats
  3 frilled lizards (D:1)
  4 goblins
  5 rats
39 creatures vanquished.

Notes
Turn   | Place    | Note
-------+----------+-------------------------------------------
     0 | D:1      | strmdvr the Minotaur Berserker began the quest for the Orb.
     0 | D:1      | Reached XP level 1. HP: 19/19 MP: 0/0
   289 | D:1      | Reached XP level 2. HP: 23/27 MP: 1/1
   705 | D:1      | Reached ** piety under Trog
   987 | D:2      | Reached XP level 3. HP: 12/34 MP: 2/2
  1577 | D:2      | Found the +1 Delatra's gloves {ID++}
  1597 | D:2      | Killed from afar by an orc wizard

Illustrated notes

Levels and vault maps discovered:
D:1:      dreamdust_arrival_beginning_and_end, layout_loops_ring
D:2:      layout_rooms, pf_guarded_unrand_delatra

Skill      XL: |  1 |
---------------+----+-----
Fighting       | 4 |  4.8
Axes           | 4 |  4.8
Armour         | |  2.4
Dodging        | |  2.1

Action                   || total
-------------------------++-------
Melee: Hand axe          ||    91
       Headbutt          ||     8
Armor: Animal skin       ||    15
       Ring mail         ||     9
Dodge: Dodged            ||    56

Table legend: (Time is in decaauts)
 A = Elapsed time spent in this place.
 B = Non-inter-level travel time spent in this place.
 C = Inter-level travel time spent in this place.
 D = Time resting spent in this place.
 E = Time spent auto-exploring this place.
 F = Levels seen in this place.
 G = Mean time per level.
                   A        B        C        D        E       F      G
               +--------+--------+--------+--------+--------+-----+--------+
         Total |   1604 |   1569 |     35 |    157 |   1175 |   2 |  802.0 |
       Dungeon |   1604 |   1569 |     35 |    157 |   1175 |   2 |  802.0 |
               +--------+--------+--------+--------+--------+-----+--------+

Top non-repeatable levels by time:
     D:1: 930 daAuts
     D:2: 674 daAuts
